 Dungeon Crawl Stone Soup version 0.22-a0-619-ga0c6fd2 (webtiles) character file.

2 Amnesiac the Magician (level 1, -3/13 HPs)
             Began as a Mummy Wizard on July 14, 2018.
             Slain by a leopard gecko (5 damage)
             ... on level 1 of the Dungeon.
             The game lasted 00:00:21 (385 turns).

Amnesiac the Magician (Mummy Wizard)                 Turns: 385, Time: 00:00:22

Health: -3/13      AC:  2    Str: 10    XL:     1   Next: 33%
Magic:  5/5        EV: 12    Int: 17    God:
Gold:   27         SH:  0    Dex: 10    Spells: 7/8 levels left

rFire    x . .     SeeInvis .   b - +0 short sword
rCold    + . .     Gourm    .   (no shield)
rNeg     + + +     Faith    .   a - +0 robe
rPois    ∞         Spirit   .   (no helmet)
rElec    .         Reflect  .   (no cloak)
rCorr    .         Harm     .   (no gloves)
MR       .....                  (no boots)
Stlth    ++........             (no amulet)
HPRegen  0.04/turn              (no ring)
MPRegen  0.09/turn              (no ring)

@: no status effects
A: no food or potions, fire vulnerability, cold resistance 1, negative energy
resistance 3, torment resistance, unbreathing
a: no special abilities


You were on level 1 of the Dungeon.
You were not hungry.

You visited 1 branch of the dungeon, and saw 2 of its levels.

You collected 27 gold pieces.

Inventory:

Hand Weapons
 b - a +0 short sword (weapon)
Armour
 a - a +0 robe (worn)
Scrolls
 c - 2 scrolls of teleportation {!r, unknown}


   Skills:
 - Level 1.5 Dodging
 - Level 1.5 Stealth
 - Level 4.0 Spellcasting
 + Level 1.1 Conjurations
   Level 0.7 Summonings
   Level 0.7 Translocations


You had 7 spell levels left.
You knew the following spells:

 Your Spells              Type           Power        Failure   Level  Hunger
a - Magic Dart            Conj           #...         10%         1    N/A

Your spell library contained the following spells:

 Spells                   Type           Power        Failure   Level  Hunger
 Conjure Flame            Conj/Fire      #.......     36%         3    N/A
 Slow                     Hex            #.......     24%         2    N/A
 Mephitic Cloud           Conj/Pois/Air  #.......     38%         3    N/A
 Blink                    Tloc           N/A          19%         2    N/A
 Call Imp                 Summ           #.......     19%         2    N/A

Dungeon Overview and Level Annotations

Branches:
Dungeon (2/15)

Altars:


Innate Abilities, Weirdness & Mutations

You do not eat or drink.
Your flesh is vulnerable to fire.
You are immune to poison.
Your flesh is cold resistant. (rC+)
You are immune to negative energy. (rN+++)
You are immune to unholy pain and torment.
You can survive without breathing.


Message History

No target in view!
You see here a purple potion {!q}.
You see here a goblin corpse.
You now have 27 gold pieces (gained 11).
Key pressed, stopping explore.
No target in view!
Found 22 stones and 16 sling bullets.
No target in view!
Found a ration.
No target in view!
You see here a ration.
Found a white potion.
No target in view!
No target in view!
Found a stone staircase leading down.
No target in view!
Found a fizzy cyan potion.
No target in view!
A rat comes into view.
There is a stone staircase leading down here.
You climb downwards.
Found 20 stones.
There is a stone staircase leading up here.
You see here 20 stones.
There is a stone staircase leading up here.
A kobold comes into view.
The kobold shouts!
The kobold hits you.
Found a scroll labeled CIHIOLE SETEA.
A kobold is nearby!
A kobold is nearby!
You hit the kobold.
The kobold is severely wounded.
The kobold closely misses you.
You hit the kobold.
You kill the kobold!
No target in view!
You see here a kobold corpse.
c - 2 scrolls labeled CIHIOLE SETEA {!r} (gained 1)
Found 24 stones.
Found a stone staircase leading up.
You see here 24 stones.
Found a stone staircase leading down.
Found a scroll labeled JAUFAI FIBREAH TED.
There is a stone staircase leading up here.
HP restored.
You climb upwards.
A rat, an ooze and a kobold come into view.
The kobold shouts!
The ooze quivers.
The ooze hits you. The rat bites you. The ooze closely misses you.
Found a scroll labeled CIHIOLE SETEA and 4 gold pieces.
There is a stone staircase leading down here.
The rat bites you but does no damage.
A dart slug comes into view.
The rat closely misses you.
A leopard gecko comes into view.
The leopard gecko hisses angrily.
Found 12 sling bullets.
The leopard gecko bites you.
* * * LOW HITPOINT WARNING * * *
The leopard gecko barely misses you. The leopard gecko bites you.
You die...

####.#### ..#....##.....##
#....(..# ..##....###.....
#.......##...##...!.####..
..........$.##.......###
............####....... #
###...........# ####....
#.#.............# #####
#....r.l.......#
#..###..##K@......#
#......r####...##..
..w.....J..>...#
...................
###........?..###.#
...#.######### . #####. #.
..


You could see a leopard gecko, a kobold and a rat.

Vanquished Creatures
  A goblin (D:1)
  A kobold (D:2)
2 creatures vanquished.

Notes
Turn   | Place    | Note
-------+----------+-------------------------------------------
     0 | D:1      | Amnesiac the Mummy Wizard began the quest for the Orb.
     0 | D:1      | Reached XP level 1. HP: 13/13 MP: 5/5
   113 | D:1      | Reached skill level 1 in Conjurations
   385 | D:1      | Slain by a leopard gecko

Vault maps used:
D:1:      dpeg_arrival_circle_labyrinth_c, minmay_misc_feat_square,
          grunt_decor_mini_mirrors
D:2:      kennysheep_generic_room_9, uniq_terence

Skill      XL: |  1 |
---------------+----+-----
Conjurations   | 1 |  1.1
Dodging        | |  1.5
Stealth        | |  1.5
Spellcasting   | |  4.0
Summonings     | |  0.7
Translocations | |  0.7

Action                   || total
-------------------------++-------
Melee: Short sword       ||     2
 Cast: Magic Dart        ||     3
Armor: Robe              ||     1
Dodge: Dodged            ||     4

Table legend:
 A = Spawn XP
 B = Non-spawn XP
 C = Spawn XP percentage of total XP
 D = Spawn monster count
 E = Non-spawn monster count
 F = Spawn count percentage of total count
 G = Total turns spent on level
                    A         B        C        D         E        F      G
               +---------+---------+-------+---------+---------+-------+---------
         Total |       0 |       4 |   0.0 |       0 |       2 |   0.0 |   385
               +---------+---------+-------+---------+---------+-------+---------
           D:1 |       0 |       2 |   0.0 |       0 |       1 |   0.0 |   353
           D:2 |       0 |       2 |   0.0 |       0 |       1 |   0.0 |    32
               +---------+---------+-------+---------+---------+-------+---------
